 Dungeon Crawl Stone Soup version 0.29.0-11-gd7f09526c8 (webtiles) character file.

Game seed: 16092959227686291851

237 Armakuni the Sneak (level 5, 0/42 HPs)
             Began as a Demigod Delver on Sept 4, 2022.
             Slain by a black bear (4 damage)
             ... on level 4 of the Dungeon.
             The game lasted 00:09:38 (4721 turns).

Armakuni the Sneak (Demigod Delver)                 Turns: 4721, Time: 00:09:38

Health: 0/42       AC: 13    Str: 17    XL:     5   Next: 48%
Magic:  9/9        EV: 11    Int: 12    God:
Gold:   142        SH:  0    Dex: 19    Spells: 2/6 levels left

rFire   . . .      SeeInvis +   a - +0 flail
rCold   . . .      Faith    .   (no shield)
rNeg    . . .      Spirit   .   j - +4 ring mail of Discretion {Dex+4 SInv}
rPois   .          Reflect  .   (no helmet)
rElec   .          Harm     .   (no cloak)
rCorr   .          Rampage  .   (no gloves)
Will    +....                   (no boots)
Stlth   ++........              (no amulet)
HPRegen 0.14/turn               A - +4 ring of protection
MPRegen 0.11/turn               W - ring of willpower

@: no status effects
A: high MP 1, forlorn, divine attributes
a: no special abilities


You were on level 4 of the Dungeon.
You visited 1 branch of the dungeon, and saw 5 of its levels.

You collected 142 gold pieces.

Inventory:

Hand Weapons
 a - a +0 flail (weapon)
 b - a +1 hand axe of electrocution
Missiles
 p - a throwing net (quivered)
Armour
 j - the +4 ring mail of Discretion (worn) {Dex+4 SInv}
   (You took it off Ijyb on level 3 of the Dungeon)

   Dex:       It affects your dexterity (+4).
   SInv:      It lets you see invisible.
Jewellery
 A - a +4 ring of protection (left hand)
 W - a ring of willpower (right hand)
Wands
 g - a wand of digging (8)
 l - a wand of flame (16)
Scrolls
 c - a scroll of fog
 e - 2 scrolls of fear
 h - a scroll of torment
 o - 2 scrolls of vulnerability
Potions
 f - 2 potions of haste
 i - a potion of curing
 k - a potion of mutation
 m - 3 potions of attraction


   Skills:
 - Level 2.6 Fighting
 - Level 1.7(3.2) Maces & Flails
 - Level 4.2(4.4) Staves
 - Level 1.7 Dodging
 - Level 4.5 Stealth
 - Level 1.0 Spellcasting
 + Level 1.4 Conjurations
 + Level 1.3 Fire Magic


You had 2 spell levels left.
You knew the following spells:

 Your Spells              Type           Power      Damage    Failure   Level
s - Sticky Flame          Conj/Fire      4%         2d3       97%         4

Your spell library contained the following spells:

 Spells                   Type           Power      Damage    Failure   Level
 Conjure Flame            Conj/Fire      4%         6-21      67%         3
 Ignite Poison            Fire/Tmut/Pois 1%         N/A       80%         3


Dungeon Overview and Level Annotations

Branches:
Dungeon (5/15)             Temple (0/1) D:5

Shops:
D:5 ?


Innate Abilities, Weirdness & Mutations

You have an increased reservoir of magic. (+10% MP)
You shall have no god before yourself.
Your divine heritage dramatically boosts your attributes as you level up.


Message History

The black bear goes berserk!
You barely miss the black bear.
The black bear is severely wounded.
The black bear barely misses you. The black bear closely misses you. x2
The black bear bites you.
The black bear claws you but does no damage.
The black bear closely misses you.
You barely miss the black bear.
The black bear is severely wounded.
The black bear bites you but does no damage.
The black bear claws you but does no damage. x2
You closely miss the black bear.
The black bear is severely wounded.
The black bear closely misses you. The black bear barely misses you.
The black bear claws you but does no damage.
The black bear barely misses you. x2
The black bear claws you but does no damage.
You hit the black bear.
The black bear is almost dead.
The black bear closely misses you.
The black bear claws you but does no damage. x2
The black bear bites you but does no damage.
The black bear claws you.
The black bear claws you but does no damage.
You are too injured to fight recklessly!
You are too injured to fight recklessly!
You are too injured to fight recklessly!
You completely miss the black bear.
The black bear is almost dead.
The black bear bites you but does no damage.
The black bear claws you but does no damage.
The black bear claws you. The black bear bites you!
* * * LOW HITPOINT WARNING * * *
The black bear claws you but does no damage. x2
You completely miss the black bear.
The black bear is almost dead.
The black bear misses you.
The black bear claws you but does no damage.
The black bear barely misses you. x2; The black bear claws you.
You die...

#....... ......
#..... #....#
#....# ... +....#
.÷. #.h..# ..÷
#@.## #.# #.#.#
#.# #.#.#### #÷#
#.#.#..#########+#
#.#.#...........>.
#.#.#.############
#.#.#.# ..#.#.#
#.#.############


You could see a black bear (berserk).

Vanquished Creatures
  2 hounds (D:3)
  Ijyb (D:3)
  4 gnolls
  4 adders
  An ufetubus (D:4)
  2 worms (D:2)
  2 orcs
  9 ball pythons
  5 endoplasms
  2 giant cockroaches (D:3)
  5 goblins
  3 hobgoblins
  2 quokkas
  5 bats
  5 frilled lizards
  12 kobolds
  3 rats
67 creatures vanquished.

Notes
Turn   | Place    | Note
-------+----------+-------------------------------------------
     0 | D:5      | Armakuni the Demigod Delver began the quest for the Orb.
     0 | D:5      | Reached XP level 1. HP: 18/18 MP: 3/3
    97 | D:5      | Noticed a hound
   381 | D:4      | Reached skill level 1 in Staves
   381 | D:4      | Reached XP level 2. HP: 24/25 MP: 4/4
   676 | D:3      | Noticed Ijyb
  1065 | D:5      | Found Osianluf's Magic Scroll Shoppe.
  1156 | D:3      | Reached XP level 3. HP: 28/30 MP: 5/5
  2680 | D:2      | Reached XP level 4. HP: 37/37 MP: 6/6
  4079 | D:3      | Learned a level 4 spell: Sticky Flame
  4162 | D:3      | Identified the +4 ring mail of Discretion {Dex+4 SInv}
  4180 | D:3      | Reached XP level 5. HP: 31/42 MP: 8/8
  4187 | D:3      | Killed Ijyb
  4188 | D:3      | Reached skill level 1 in Spellcasting
  4188 | D:3      | Reached skill level 1 in Conjurations
  4201 | D:3      | Reached skill level 1 in Fire Magic
  4704 | D:4      | Noticed a black bear
  4721 | D:4      | Slain by a black bear

Illustrated notes

Levels and vault maps discovered:
D:1:      co_arrival_square_in_a_square_in_a_square, layout_basic,
          ebering_ecumenical_altar_sacrificial
D:2:      layout_basic, minivault_27, solitary_fountain
D:3:      layout_basic, hangedman_decor_slide_cut, chequers_jeans,
          grunt_decor_cap, hangedman_decor_clover_reticule, uniq_ijyb
D:4:      layout_basic, ashenzari_conservatory_becter,
          amcnicky_mini_rare_corridor_liquid, dilly_guarded_unrand_throatcut,
          uniq_sigmund
D:5:      layout_loops_corners, nicolae_tso_carved_into_rock,
          nicolae_uskayaw_dance_hall, minmay_temple_entry_ruins, serial_shops,
          nicolae_shop_window_shopping

Skill      XL: |  1  2  3  4  5 |
---------------+----------------+-----
Staves         | 1 2 3 4 |  4.2
Spellcasting   | 1 |  1.0
Conjurations   | 1 |  1.4
Fire Magic     | 1 |  1.3
Fighting       | |  2.6
Maces & Flails | |  1.7
Dodging        | |  1.7
Stealth        | |  4.5

Action                   |  1- 3 |  4- 6 || total
-------------------------+-------+-------++-------
Melee: Mace              |   144 |    61 ||   205
       Punch             |     2 |     2 ||     4
       Flail             |       |    57 ||    57
Throw: Throwing net      |       |     2 ||     2
  Use: Scroll            |     1 |     9 ||    10
       Potion            |       |     1 ||     1
 Stab: Sleeping          |     8 |     2 ||    10
       Distracted        |     1 |       ||     1
Armor: Leather armour    |    37 |       ||    37
       Scale mail        |    29 |    62 ||    91
       Ring mail         |       |    35 ||    35
Dodge: Dodged            |    92 |   103 ||   195
